[ PARTIDA AOE2 · #470936017 ]
1v1 RMMuiscas vs Sicilians
Equipo del jugador · DERR
Equipo rival · VICT
[ ANÁLISIS DE REPETICIÓN · EXTRAÍDO DE LA PARTIDA GRABADA ]
Feudal
10:03
Castillos
22:08
Imperial
39:32
| APM promedio | 24.0 |
| APM pico | 68 |
| eAPM promedio | 14.8 |
| Aldeanos / militares | 130 / 109 |
Foco
⚔️ 32.0% · 🌾 68.0%
Archer ×88 · Scorpion ×13 · Unknown (2562) ×6 · Mangonel ×4 · Petard ×3 · Monk ×1
Feudal
14:11
Castillos
24:09
Imperial
46:13
| APM promedio | 22.1 |
| APM pico | 86 |
| eAPM promedio | 14.9 |
| Aldeanos / militares | 84 / 190 |
Foco
⚔️ 35.7% · 🌾 64.3%
Serjeant ×170 · Battering Ram ×15 · Monk ×5
Mapa de la partida
Recursos al inicio + cada clic de construcción. Línea gruesa = muro · recuadro discontinuo = muro de casas detectado. 🟡 oro · ⚪ piedra · 🟢 bayas · 🔶 jabalí · ⭕ reliquia
Inputs por minuto
— Tsla - - Sobek
Build order — Tsla
Primeras 150 de 395 acciones detectadas
| 0:02 | Crear | Villager (Male) |
| 0:02 | Crear | Villager (Male) |
| 0:02 | Crear | Villager (Male) |
| 0:04 | Construir | House |
| 0:06 | Construir | House |
| 0:21 | Construir | House |
| 0:45 | Crear | Villager (Male) |
| 0:45 | Crear | Villager (Male) |
| 1:55 | Crear | Villager (Male) |
| 1:55 | Crear | Villager (Male) |
| 2:04 | Construir | Settlement |
| 2:12 | Crear | Villager (Male) |
| 2:12 | Crear | Villager (Male) |
| 2:31 | Crear | Villager (Male) |
| 2:31 | Crear | Villager (Male) |
| 2:31 | Crear | Villager (Male) |
| 2:58 | Crear | Villager (Male) |
| 2:59 | Crear | Villager (Male) |
| 3:37 | Crear | Villager (Male) |
| 3:57 | Construir | House |
| 4:16 | Crear | Villager (Male) |
| 4:16 | Crear | Villager (Male) |
| 4:39 | Crear | Villager (Male) |
| 5:06 | Crear | Villager (Male) |
| 6:07 | Crear | Villager (Male) |
| 6:27 | Crear | Villager (Male) |
| 7:20 | Crear | Villager (Male) |
| 7:53 | Investigar | Feudal Age |
| 8:37 | Construir | Settlement |
| 9:42 | Construir | House |
| 9:48 | Crear | Villager (Male) |
| 9:48 | Crear | Villager (Male) |
| 9:49 | Crear | Villager (Male) |
| 9:54 | Investigar | Loom |
| 9:55 | Crear | Villager (Male) |
| 9:55 | Crear | Villager (Male) |
| 9:55 | Crear | Villager (Male) |
| 10:03 | Edad | Edad Feudal |
| 10:15 | Investigar | Double-Bit Axe |
| 10:58 | Crear | Villager (Male) |
| 10:58 | Crear | Villager (Male) |
| 10:59 | Crear | Villager (Male) |
| 10:59 | Crear | Villager (Male) |
| 10:59 | Crear | Villager (Male) |
| 10:59 | Crear | Villager (Male) |
| 11:17 | Construir | Settlement |
| 11:46 | Construir | Barracks |
| 12:02 | Construir | Outpost |
| 12:06 | Investigar | Town Watch |
| 12:12 | Investigar | Town Watch |
| 12:13 | Crear | Villager (Male) |
| 12:13 | Crear | Villager (Male) |
| 12:27 | Crear | Villager (Male) |
| 12:39 | Construir | Outpost |
| 13:07 | Construir | Archery Range |
| 13:09 | Crear | Villager (Male) |
| 13:09 | Crear | Villager (Male) |
| 13:23 | Construir | Farm |
| 13:24 | Construir | Farm |
| 13:26 | Construir | Farm |
| 13:42 | Construir | House |
| 13:50 | Construir | Watch Tower |
| 13:54 | Crear | Archer |
| 13:54 | Crear | Archer |
| 14:15 | Crear | Villager (Male) |
| 14:57 | Crear | Villager (Male) |
| 15:02 | Crear | Villager (Male) |
| 15:20 | Crear | Archer |
| 15:59 | Construir | Farm |
| 16:01 | Construir | Farm |
| 16:02 | Construir | Farm |
| 16:04 | Construir | Farm |
| 16:05 | Construir | Farm |
| 16:11 | Construir | Market |
| 16:15 | Crear | Villager (Male) |
| 16:16 | Crear | Villager (Male) |
| 16:42 | Crear | Archer |
| 16:42 | Crear | Archer |
| 17:24 | Crear | Villager (Male) |
| 17:41 | Construir | Blacksmith |
| 17:48 | Construir | Watch Tower |
| 17:50 | Construir | House |
| 18:20 | Investigar | Fletching |
| 18:22 | Crear | Archer |
| 18:23 | Crear | Archer |
| 18:36 | Crear | Villager (Male) |
| 18:36 | Crear | Villager (Male) |
| 18:36 | Crear | Villager (Male) |
| 18:58 | Crear | Archer |
| 19:14 | Construir | Farm |
| 19:27 | Investigar | Castle Age |
| 19:42 | Construir | Farm |
| 19:43 | Construir | Farm |
| 19:46 | Crear | Villager (Male) |
| 19:46 | Crear | Villager (Male) |
| 19:57 | Crear | Archer |
| 19:58 | Crear | Archer |
| 19:58 | Crear | Archer |
| 20:50 | Construir | Settlement |
| 21:03 | Crear | Archer |
| 21:13 | Investigar | Padded Archer Armor |
| 21:27 | Construir | Archery Range |
| 21:42 | Crear | Villager (Male) |
| 22:04 | Crear | Archer |
| 22:08 | Edad | Edad de los Castillos |
| 22:45 | Construir | Castle |
| 22:55 | Crear | Petard |
| 22:55 | Crear | Petard |
| 22:56 | Crear | Petard |
| 23:00 | Crear | Archer |
| 23:00 | Crear | Archer |
| 23:01 | Crear | Archer |
| 23:01 | Crear | Archer |
| 23:01 | Crear | Archer |
| 23:25 | Crear | Villager (Male) |
| 23:30 | Construir | House |
| 23:32 | Construir | House |
| 24:09 | Investigar | Bodkin Arrow |
| 24:44 | Construir | Town Center |
| 25:05 | Construir | House |
| 25:13 | Crear | Villager (Male) |
| 25:13 | Crear | Villager (Male) |
| 25:13 | Crear | Villager (Male) |
| 25:34 | Construir | Farm |
| 25:41 | Construir | Farm |
| 25:43 | Construir | Farm |
| 26:28 | Construir | Monastery |
| 26:34 | Crear | Villager (Male) |
| 26:35 | Crear | Villager (Male) |
| 26:35 | Crear | Villager (Male) |
| 26:35 | Crear | Villager (Male) |
| 26:42 | Crear | Villager (Male) |
| 26:42 | Crear | Villager (Male) |
| 26:47 | Construir | Farm |
| 26:54 | Crear | Archer |
| 26:54 | Crear | Archer |
| 26:55 | Crear | Archer |
| 26:55 | Crear | Archer |
| 26:55 | Crear | Archer |
| 27:26 | Construir | House |
| 27:35 | Construir | University |
| 27:41 | Crear | Monk |
| 27:46 | Crear | Unit 2550 |
| 28:09 | Construir | Siege Workshop |
| 28:23 | Crear | Unit 2562 |
| 28:23 | Crear | Unit 2562 |
| 28:23 | Crear | Unit 2562 |
| 28:35 | Crear | Unit 2562 |
| 29:21 | Crear | Unit 2562 |
| 29:22 | Crear | Unit 2562 |
Build order — Sobek
Primeras 150 de 258 acciones detectadas
| 0:06 | Construir | House |
| 0:08 | Construir | House |
| 0:09 | Crear | Villager (Male) |
| 0:09 | Crear | Villager (Male) |
| 0:10 | Crear | Villager (Male) |
| 0:10 | Crear | Villager (Male) |
| 0:10 | Crear | Villager (Male) |
| 0:12 | Investigar | Loom |
| 1:47 | Crear | Villager (Male) |
| 1:47 | Crear | Villager (Male) |
| 2:09 | Construir | House |
| 2:35 | Crear | Villager (Male) |
| 2:35 | Crear | Villager (Male) |
| 3:17 | Crear | Villager (Male) |
| 3:18 | Crear | Villager (Male) |
| 4:25 | Crear | Villager (Male) |
| 4:25 | Crear | Villager (Male) |
| 4:26 | Crear | Villager (Male) |
| 5:11 | Crear | Villager (Male) ×3 |
| 5:51 | Construir | House |
| 5:53 | Construir | House |
| 6:38 | Construir | Mill |
| 6:56 | Crear | Villager (Male) |
| 6:56 | Crear | Villager (Male) |
| 6:56 | Crear | Villager (Male) |
| 6:57 | Crear | Villager (Male) |
| 6:57 | Crear | Villager (Male) |
| 7:09 | Construir | Lumber Camp |
| 9:31 | Crear | Villager (Male) ×5 |
| 9:50 | Crear | Villager (Male) |
| 10:50 | Construir | Mill |
| 11:22 | Investigar | Feudal Age |
| 11:30 | Construir | Farm |
| 11:30 | Construir | Farm |
| 11:30 | Construir | Farm |
| 11:31 | Construir | Farm |
| 11:31 | Construir | Farm |
| 11:31 | Construir | Farm |
| 11:32 | Construir | Farm |
| 11:32 | Construir | Farm |
| 11:33 | Construir | Farm |
| 11:34 | Construir | Farm |
| 11:34 | Construir | Farm |
| 11:34 | Construir | Farm |
| 11:34 | Construir | Farm |
| 11:35 | Construir | Farm |
| 11:36 | Construir | Farm |
| 11:59 | Construir | House |
| 12:01 | Construir | House |
| 12:25 | Construir | Mining Camp |
| 12:59 | Construir | House |
| 13:11 | Construir | Donjon |
| 13:29 | Construir | Farm |
| 13:47 | Crear | Villager (Male) ×5 |
| 13:54 | Crear | Villager (Male) ×5 |
| 14:11 | Edad | Edad Feudal |
| 14:25 | Construir | Farm |
| 14:27 | Investigar | Horse Collar |
| 14:40 | Crear | Serjeant ×4 |
| 14:48 | Construir | Blacksmith |
| 15:04 | Construir | Stone Wall |
| 15:14 | Construir | Mining Camp |
| 15:28 | Crear | Serjeant ×3 |
| 15:45 | Construir | House |
| 15:46 | Construir | House |
| 15:48 | Investigar | Scale Mail Armor |
| 16:40 | Construir | Stone Wall |
| 16:48 | Crear | Serjeant ×5 |
| 18:19 | Construir | House |
| 18:22 | Crear | Serjeant ×5 |
| 18:49 | Crear | Villager (Male) ×5 |
| 19:15 | Construir | Donjon |
| 19:21 | Construir | House |
| 19:22 | Construir | House |
| 19:28 | Construir | House |
| 19:29 | Construir | House |
| 19:36 | Construir | Lumber Camp |
| 19:56 | Construir | Farm |
| 19:56 | Construir | Farm |
| 19:56 | Construir | Farm |
| 19:56 | Construir | Farm |
| 19:57 | Construir | Farm |
| 19:57 | Construir | Farm |
| 19:57 | Construir | Farm |
| 19:57 | Construir | Farm |
| 20:10 | Construir | Mill |
| 20:13 | Crear | Villager (Male) |
| 20:13 | Crear | Villager (Male) |
| 20:35 | Construir | Stable |
| 20:47 | Construir | House |
| 20:49 | Construir | House |
| 21:27 | Investigar | Castle Age |
| 21:58 | Construir | Donjon |
| 22:13 | Crear | Serjeant ×5 |
| 22:14 | Crear | Serjeant |
| 23:15 | Construir | House |
| 23:24 | Crear | Serjeant ×5 |
| 23:24 | Crear | Serjeant ×5 |
| 23:40 | Construir | Donjon |
| 23:51 | Construir | Barracks |
| 23:59 | Construir | Stone Wall |
| 24:09 | Edad | Edad de los Castillos |
| 24:09 | Investigar | Forging |
| 24:23 | Construir | Town Center |
| 24:52 | Construir | Siege Workshop |
| 25:08 | Construir | Donjon |
| 25:17 | Investigar | Wheelbarrow |
| 25:23 | Investigar | Chain Mail Armor |
| 25:26 | Investigar | Squires |
| 25:33 | Construir | House |
| 25:42 | Crear | Villager (Male) ×2 |
| 25:49 | Crear | Battering Ram |
| 26:52 | Investigar | Iron Casting |
| 26:58 | Crear | Battering Ram |
| 27:05 | Crear | Villager (Male) ×5 |
| 27:12 | Crear | Villager (Male) ×2 |
| 27:38 | Crear | Serjeant ×4 |
| 27:56 | Construir | House |
| 27:57 | Construir | House |
| 28:03 | Construir | House |
| 28:04 | Construir | House |
| 28:25 | Crear | Battering Ram |
| 28:48 | Investigar | Arson |
| 28:56 | Crear | Villager (Male) ×5 |
| 29:06 | Crear | Battering Ram |
| 29:30 | Crear | Battering Ram |
| 29:35 | Investigar | Gold Mining |
| 29:40 | Construir | Farm |
| 29:41 | Construir | Farm |
| 29:43 | Construir | Farm |
| 29:54 | Construir | Farm |
| 29:54 | Construir | Farm |
| 29:55 | Construir | Farm |
| 29:55 | Construir | Farm |
| 29:55 | Construir | Farm |
| 29:55 | Construir | Farm |
| 29:59 | Crear | Villager (Male) |
| 30:00 | Crear | Villager (Male) |
| 30:17 | Crear | Serjeant ×4 |
| 30:17 | Crear | Serjeant ×4 |
| 30:24 | Construir | Donjon |
| 30:30 | Construir | Donjon |
| 30:35 | Construir | Donjon |
| 30:47 | Investigar | Double-Bit Axe |
| 31:04 | Crear | Battering Ram |
| 31:04 | Crear | Battering Ram |
| 31:10 | Crear | Serjeant ×4 |
| 31:10 | Crear | Serjeant ×4 |
| 31:30 | Investigar | Bow Saw |
| 31:37 | Crear | Battering Ram |
Cronología de la partida
| 10:03 | Tsla · age_up feudal |
| 11:46 | Tsla · first_building Barracks |
| 13:07 | Tsla · first_building Archery Range |
| 13:11 | Sobek · first_building Donjon |
| 14:11 | Sobek · age_up feudal |
| 15:04 | Sobek · wall_segment Stone Wall x10 |
| 16:40 | Sobek · wall_segment Stone Wall x1 |
| 19:08 | Tsla · first_market_sell 100 wood |
| 19:23 | Tsla · first_market_buy 100 food |
| 20:35 | Sobek · first_building Stable |
| 22:08 | Tsla · age_up castle |
| 22:45 | Tsla · first_building Castle |
| 23:51 | Sobek · first_building Barracks |
| 23:59 | Sobek · wall_segment Stone Wall x8 |
| 24:09 | Sobek · age_up castle |
| 24:52 | Sobek · first_building Siege Workshop |
| 26:28 | Tsla · first_building Monastery |
| 28:09 | Tsla · first_building Siege Workshop |
| 37:25 | Sobek · first_building Monastery |
| 39:32 | Tsla · age_up imperial |
| 39:35 | Sobek · wall_segment Stone Wall x5 |
| 44:15 | Sobek · wall_segment Stone Wall x1 |
| 46:13 | Sobek · age_up imperial |
| 49:13 | Tsla · resign |
[ ANÁLISIS IA · 1 CRÉDITO ]
¿Qué pasó realmente en esta partida?
Wolo.gg analiza cada decisión: build order, eco, micro, errores típicos por bracket. Análisis personalizado por WhatsApp o Discord en 30 segundos.
Guía civ
Muiscas
Guía mapa
Arena
Perfil
Tsla